 Dungeon Crawl Stone Soup version 0.16.1-11-g651b585 (webtiles) character file.

186 Shoikan the Cudgeler (level 5, -8/40 HPs)
             Began as a Minotaur Berserker on Apr 3, 2015.
             Was a Priest of Trog.
             Mangled by Sigmund
             ... wielding a +0 scythe
              (9 damage)
             ... on level 3 of the Dungeon.
             The game lasted 00:09:39 (1714 turns).

Shoikan the Cudgeler (Minotaur Berserker)           Turns: 1714, Time: 00:09:39

Health: -8/40      AC:  7    Str: 22    XL:     5   Next: 38%
Magic:  1/1        EV: 10    Int:  5    God:    Trog [***...]
Gold:   96         SH:  0    Dex:  9    Spells: 0 memorised, 4 levels left

rFire  . . .     SeeInvis .     j - +1 mace (drain)
rCold  . . .     Clarity  .     i - +0 scale mail
rNeg   . . .     SustAb   .     (no shield)
rPois  .         Gourm    .     (helmet unavailable)
rElec  .         Spirit   .     (no cloak)
rCorr  .         Warding  .     g - +0 pair of gloves
rMut   .         Stasis   .     (no boots)
MR     .....                    (no amulet)
Stlth  ..........               (no ring)
                                (no ring)

@: exhausted, slowed, very slow, not resistant to hostile enchantments,
extremely unstealthy
A: retaliatory headbutt, horns 3, frail 1, low mp 1
a: Burn Spellbooks, Berserk, Trog's Hand, Renounce Religion


You were on level 3 of the Dungeon.
You worshipped Trog.
Trog was most pleased with you.
You were hungry.

You visited 1 branch of the dungeon, and saw 3 of its levels.

You collected 96 gold pieces.

Inventory:

Hand weapons
 j - a +1 mace of draining (weapon)
Armour
 g - a +0 pair of gloves (worn)
 i - a +0 scale mail (worn)
Magical devices
 r - a wand of paralysis (6)
Scrolls
 a - a scroll of enchant armour {unknown}
 b - a scroll of recharging {unknown}
 d - 4 scrolls of remove curse {unknown}
 e - a scroll of amnesia {unknown}
 f - 2 scrolls of identify {unknown}
 h - a scroll of teleportation {unknown}
 n - a scroll of fog {unknown}
 o - a scroll of blinking {unknown}
 p - a scroll of immolation {unknown}
 q - a scroll of fear {unknown}
Potions
 l - a potion of curing {unknown}
 m - a potion of poison {unknown}
Comestibles
 c - 2 bread rations


   Skills:
 - Level 3.6 Fighting
 + Level 7.2 Maces & Flails
 - Level 2.4 Armour
 - Level 2.1 Dodging
 + Level 0.8 Stealth


You had 4 spell levels left.
You didn't know any spells.

Dungeon Overview and Level Annotations

Branches:
Dungeon (3/15)

Altars:
Qazlal

Annotations:
D:3 Sigmund


Innate Abilities, Weirdness & Mutations

You reflexively headbutt those who attack you in melee.
You have a pair of large horns on your head.
You are frail (-10% HP).
Your magical capacity is low (-10% MP).


Message History

* * * LOW HITPOINT WARNING * * *
You barely miss something. Something hits you.
* * * LOW HITPOINT WARNING * * *
You completely miss something. Something hits you but does no damage.
You closely miss something. Something hits you!
* * * LOW HITPOINT WARNING * * *
It was a potion of mutation.
You feel extremely strange. The horns on your head grow some more.
You feel frail.
You feel less energetic.
You feel the effects of Trog's Hand fading.
Something hits you.
* * * LOW HITPOINT WARNING * * *
Something hits you but does no damage.
Your skin stops crawling.
You feel less resistant to hostile enchantments.
Something hits you.
* * * LOW HITPOINT WARNING * * *
You hear some strange, mumbled words.
Something tries to affect you, but you resist.
Something hits you!
You die...

# ..... #..##..###.#....#..# #.
.... ....................
#.##..####...................
#......$.....................
............#...............
#.####..##.........#..#..#....#
#..........#.# #...#..#.....>..
######..##.#.###...........##.#
...............@....##.#....##.#
.............###.#.##.#....##.#
........##.#.# #.#.##.#........
#.#####.##.#.###.#.##......####
#........................
#.##.#..........#........
#.####.###.#.........#### #.#
#.# #.######....# . #.# #.#
#....#


There were no monsters in sight!

Vanquished Creatures
  The ghost of dxcTest1 the Ruffian, an average MiTm (D:3)
  Ijyb (D:3)
  Robin (D:3)
  3 worms (D:2)
  3 giant geckos
  An ooze (D:2)
  An orc (D:3)
  4 bats
  7 hobgoblins
  4 jackals (D:2)
  9 kobolds
  A ball python (D:2)
  3 giant cockroaches
  2 giant newts (D:1)
  13 goblins
  5 rats
59 creatures vanquished.

Notes
Turn   | Place    | Note
--------------------------------------------------------------
     0 | D:1      | Shoikan, the Minotaur Berserker, began the quest for the Orb.
     0 | D:1      | Reached XP level 1. HP: 19/19 MP: 1/1
    82 | D:1      | Reached skill level 4 in Maces & Flails
   369 | D:1      | Reached XP level 2. HP: 26/26 MP: 1/1
   882 | D:2      | Acquired Trog's second power
   884 | D:2      | Reached skill level 5 in Maces & Flails
  1025 | D:2      | Found a stormy altar of Qazlal.
  1083 | D:2      | Reached XP level 3. HP: 28/31 MP: 2/2
  1522 | D:3      | Noticed Robin
  1522 | D:3      | Noticed Ijyb
  1530 | D:3      | Killed Robin
  1530 | D:3      | Reached skill level 6 in Maces & Flails
  1530 | D:3      | Reached XP level 4. HP: 39/39 MP: 2/2
  1540 | D:3      | Killed Ijyb
  1683 | D:3      | Noticed dxcTest1's ghost (average MiTm)
  1690 | D:3      | Noticed Sigmund
  1695 | D:3      | Killed dxcTest1's ghost
  1695 | D:3      | Reached skill level 7 in Maces & Flails
  1695 | D:3      | Reached XP level 5. HP: 42/45 MP: 2/2
  1706 | D:3      | Gained mutation: You have a pair of large horns on your head. [potion of mutation]
  1706 | D:3      | Gained mutation: You are frail (-10% HP). [potion of mutation]
  1706 | D:3      | Gained mutation: Your magical capacity is low (-10% MP). [potion of mutation]
  1706 | D:3      | HP: 1/40 [something (5)]
  1714 | D:3      | Mangled by Sigmund

Action                   |  1- 3 |  4- 6 || total
-------------------------+-------+-------++-------
Melee: Mace              |    82 |    32 ||   114
Invok: Berserk           |     1 |     1 ||     2
       Trog's Hand       |     1 |     1 ||     2
  Use: Potion            |       |     1 ||     1
  Eat: Chunk             |     1 |     3 ||     4
